 Dungeon Crawl Stone Soup version 0.23-a0-393-g6e9e0f2070 (webtiles) character file.

21 PikkenKukken the Insei (level 2, 0/21 HPs)
             Began as a Demonspawn Transmuter on Oct 31, 2018.
             Slain by a kobold (1 damage)
             ... on level 2 of the Dungeon.
             The game lasted 00:01:16 (455 turns).

PikkenKukken the Insei (Demonspawn Transmuter)       Turns: 455, Time: 00:01:16

Health: 0/21       AC:  2    Str: 10    XL:     2   Next: 62%
Magic:  1/5        EV: 12    Int: 14    God:
Gold:   57         SH:  0    Dex: 13    Spells: 2/5 levels left

rFire    . . .     SeeInvis .     - Unarmed
rCold    . . .     Gourm    .   (no shield)
rNeg     . . .     Faith    .   b - +0 robe
rPois    .         Spirit   .   (no helmet)
rElec    .         Reflect  .   (no cloak)
rCorr    .         Harm     .   (no gloves)
MR       .....                  (no boots)
Stlth    +.........             (no amulet)
HPRegen  0.07/turn              (no ring)
MPRegen  0.09/turn              (no ring)

@: no status effects
A: powered by death 1
a: no special abilities


You were on level 2 of the Dungeon.
You were not hungry.

You visited 1 branch of the dungeon, and saw 2 of its levels.

You collected 57 gold pieces.

Inventory:

Missiles
 a - 10 arrows
Armour
 b - a +0 robe (worn)
Scrolls
 c - 4 scrolls of teleportation {unknown}
 g - a scroll of identify {unknown}
Comestibles
 d - 2 rations
 f - 3 chunks of flesh


   Skills:
 - Level 1.0 Fighting
 + Level 2.1 Dodging
 * Level 3.2 Unarmed Combat
 - Level 2.0 Spellcasting
 + Level 2.1 Transmutations


You had 2 spell levels left.
You knew the following spells:

 Your Spells              Type           Power        Failure   Level  Hunger
a - Beastly Appendage     Tmut           #.....       10%         1    ##.....
b - Sticks to Snakes      Tmut           #.......     16%         2    ###....

Your spell library contained the following spells:

 Spells                   Type           Power        Failure   Level  Hunger
 Spider Form              Tmut/Pois      #.........   43%         3    ####...
 Ice Form                 Ice/Tmut       #.......     83%         4    #####..
 Blade Hands              Tmut           #.........   95%         5    ######.


Dungeon Overview and Level Annotations

Branches:
Dungeon (1/15)

Altars:


Innate Abilities, Weirdness & Mutations

You regenerate a little health from kills.


Message History

You closely miss the kobold. The kobold closely misses you.
The kobold hits you but does no damage. The kobold hits you with a +0 club.
The quokka bites you but does no damage.
You hit the quokka but do no damage. Your headbutt misses the quokka.
The kobold hits you. The kobold hits you with a +0 dagger.
* * * LOW HITPOINT WARNING * * *
The quokka barely misses you. The kobold misses you.
Unknown command.
You closely miss the quokka.
Your horns disappear.
The kobold closely misses you.
The quokka bites you but does no damage.
The kobold closely misses you.
As you read the scroll labeled RIUWUA WYPSOLI, it crumbles to dust.
It is a scroll of enchant weapon.
You aren't carrying any weapons that can be enchanted.
The kobold hits you with a +0 club.
* * * LOW HITPOINT WARNING * * *
The quokka completely misses you. The kobold hits you.
You die...

.. #..# . ..#8
.. ... ... .
#8. ....
#..##.###
.....
#...(r@#......
#####KKKS..#
#..K.......
#..##....##
.... .....#
..... #.....
....... #....
....... .!#.
....... .#


You could see an adder, a quokka and 4 kobolds.

Vanquished Creatures
  2 dart slugs (D:1)
  2 leopard geckos (D:1)
  A bat (D:1)
  3 goblins (D:1)
  A hobgoblin (D:1)
  A kobold (D:1)
  2 rats (D:1)
12 creatures vanquished.

Vanquished Creatures (collateral kills)
  A dart slug (D:2)
1 creature vanquished.

Grand Total: 13 creatures vanquished

Notes
Turn   | Place    | Note
-------+----------+-------------------------------------------
     0 | D:1      | PikkenKukken the Demonspawn Transmuter began the quest for
                  | the Orb.
     0 | D:1      | Reached XP level 1. HP: 15/15 MP: 3/3
   252 | D:1      | Reached skill level 3 in Unarmed Combat
   252 | D:1      | Gained mutation: You regenerate a little health from kills.
                  | [demonic ancestry]
   252 | D:1      | Reached XP level 2. HP: 21/21 MP: 3/5
   256 | D:1      | Learned a level 2 spell: Sticks to Snakes
   440 | D:1      | You fall through a shaft!
   455 | D:2      | HP: 1/21 [kobold/+0 club (3)]
   455 | D:2      | Slain by a kobold

Vault maps used:
D:1:      minmay_arrival_pointy
D:2:      gammafunk_temple_overflow_statue, small_statue_intersection,
          uniq_natasha

Skill      XL: |  1 |
---------------+----+-----
Dodging        | 2 |  2.1
Unarmed Combat | 3 |  3.2
Transmutations | 2 |  2.1
Fighting       | |  1.0
Spellcasting   | |  2.0

Action                   || total
-------------------------++-------
Melee: Unarmed           ||    48
       Headbutt          ||     4
       Kick              ||     4
 Cast: Beastly Appendage ||    11
       Sticks to Snakes  ||     2
  Use: Scroll            ||     1
Armor: Robe              ||    10
Dodge: Dodged            ||    53

Table legend:
 A = Non-vault XP
 B = Vault XP
 C = Vault XP percentage of total XP
 D = Non-vault monster count
 E = Vault monster count
 F = Vault count percentage of total count
                 A         B        C        D         E       F
            +---------+---------+-------+---------+---------+-------
      Total |      30 |       0 |   0.0 |      13 |       0 |   0.0
            +---------+---------+-------+---------+---------+-------
        D:1 |      28 |       0 |   0.0 |      12 |       0 |   0.0
        D:2 |       2 |       0 |   0.0 |       1 |       0 |   0.0
            +---------+---------+-------+---------+---------+-------
